 Dungeon Crawl Stone Soup version 0.23.2-40-g277498a001 (webtiles) character file.

Game seed: 17375338160687265160

485 FishyPogo the Chiller (level 7, -2/76 HPs)
             Began as a Human Ice Elementalist on Aug 16, 2019.
             Slain by Duvessa
             ... wielding a +0 short sword of flaming
              (5 damage)
             ... on level 4 of the Dungeon on Aug 17, 2019.
             The game lasted 00:17:08 (3899 turns).

FishyPogo the Chiller (Human Ice Elementalist)      Turns: 3899, Time: 00:17:09

Health: -2/76      AC: 24    Str:  8    XL:     7   Next: 35%
Magic:  2/11       EV:  2    Int: 18    God:
Gold:   141        SH:  0    Dex: 13    Spells: 5/12 levels left

rFire    . . .     SeeInvis .   a - +3 scythe (flame)
rCold    . . .     Gourm    .   (shield currently unavailable)
rNeg     + + +     Faith    .   (armour currently unavailable)
rPois    +         Spirit   .   (helmet currently unavailable)
rElec    .         Reflect  .   (cloak currently unavailable)
rCorr    .         Harm     .   (gloves currently unavailable)
MR       .....     NoTele   +   (boots currently unavailable)
Stlth    +.........             (no amulet)
HPRegen  0.22/turn              u - +1 ring of protection
MPRegen  0.12/turn              d - ring of attention (curse)

@: tree-form
A: no striking features
a: no special abilities


You were on level 4 of the Dungeon.
You were not hungry.
You were a tree.
You visited 1 branch of the dungeon, and saw 4 of its levels.

You collected 141 gold pieces.

Inventory:

Hand Weapons
 a - a +3 scythe of flaming (weapon)
Missiles
 i - 2 throwing nets (quivered)
Armour
 b - a +0 pair of gloves (melded)
 g - a +2 helmet (melded)
 h - a +0 cloak (melded)
 j - a +0 shield
 t - a +2 robe (melded)
Jewellery
 d - a cursed ring of attention (right branch)
 e - a +2 ring of intelligence
 n - an uncursed ring of protection from magic
 u - a +1 ring of protection (left branch)
Wands
 q - a wand of flame (3)
Scrolls
 f - 3 scrolls of identify
 o - a scroll of remove curse {unknown}
Potions
 k - a potion of haste
 l - 2 potions of might
 r - a potion of brilliance {unknown}
Comestibles
 c - 3 rations
 p - 10 chunks of flesh


   Skills:
 + Level 2.5 Fighting
 * Level 1.4 Polearms
 + Level 3.3 Dodging
 - Level 2.0 Stealth
 + Level 3.1 Spellcasting
 - Level 1.0 Conjurations
 * Level 2.7 Summonings
 * Level 5.0 Ice Magic


You had 5 spell levels left.
You knew the following spells:

 Your Spells              Type           Power        Failure   Level  Hunger
a - Freeze                Ice            ###.         1%          1    None
b - Throw Frost           Conj/Ice       ##....       7%          2    ##.....
c - Summon Ice Beast      Ice/Summ       ###.....     32%         4    ####...

Your spell library contained the following spells:

 Spells                   Type           Power        Failure   Level  Hunger
 Ozocubu's Armour         Chrm/Ice       ##......     17%         3    ###....
 Throw Icicle             Conj/Ice       ##......     43%         4    ####...


Dungeon Overview and Level Annotations

Branches:
Dungeon (4/15)
 Temple: D:4-7

Altars:
Ashenzari
Ru

Annotations:
D:2 exclusion: downstairs
D:4 Duvessa


Message History

Duvessa burns you.
Casting: Freeze (safe; 1% risk of failure)
Confirm with . or Enter, or press ? or * to list all spells.
Aiming: Freeze (safe; 1% risk of failure)
Press: ? - help, Shift-Dir - straight line, f/p - Duvessa
Aim: Duvessa, wielding a +0 short sword of flaming and wearing a +0 leather armour (lightly wounded, berserk, fast, unusually strong)
You freeze Duvessa!
Duvessa is lightly wounded.
Duvessa hits you with a +0 short sword of flaming.
Duvessa burns you.
Duvessa hits you with a +0 short sword of flaming!
* * * LOW HITPOINT WARNING * * *
Duvessa burns you.
* * * LOW HITPOINT WARNING * * *
It was a potion of lignification.
You turn into a tree.
Your +0 cloak melds into your body.
Your +2 helmet melds into your body.
Your +0 pair of gloves melds into your body.
Your +2 robe melds into your body.
Your roots penetrate the ground.
Duvessa hits you with a +0 short sword of flaming.
You die...

.......# .....
##.# .....>.# #...
#..# ##.....##
#..###[##
#......## #..#..#
##......# ##.÷..##
#......####
##..#...#
#...#####.###
#...##### ##.###
#...######...#
#..#
#)....♣e....####.#
##.##
#..##...........#
#..#
##..######.....###
..## #..## ##...##
..# ##.## #..##
..# ##..# ##.#
.#### ##...# ###
....# #....#
.)#######'.#


You could see Duvessa (berserk).

Vanquished Creatures
  Sigmund (D:3)
  Dowan (D:4)
  An orc wizard (D:4)
  Natasha (thrice) (D:3)
  An iguana (D:4)
  A hound skeleton (D:4)
  2 adders (D:2)
  A worm (D:2)
  An adder skeleton (D:4)
  A dart slug (D:1)
  3 leopard geckos
  4 orcs
  10 bats
  A giant cockroach (D:2)
  20 goblins
  15 hobgoblins
  5 jackals (D:2)
  A quokka (D:3)
  4 ball pythons
  3 frilled lizards
  6 kobolds
  5 rats
90 creatures vanquished.

Notes
Turn   | Place    | Note
-------+----------+-------------------------------------------
     0 | D:1      | FishyPogo the Human Ice Elementalist began the quest for
                  | the Orb.
     0 | D:1      | Reached XP level 1. HP: 13/13 MP: 3/3
   120 | D:1      | Reached XP level 2. HP: 20/20 MP: 3/5
   127 | D:1      | Learned a level 2 spell: Throw Frost
   508 | D:1      | You fall through a shaft!
   515 | D:2      | Reached XP level 3. HP: 12/25 MP: 0/6
   993 | D:1      | Reached skill level 1 in Fighting
  1096 | D:1      | You fall through a shaft!
  1193 | D:2      | Reached XP level 4. HP: 15/32 MP: 1/7
  2069 | D:3      | Learned a level 4 spell: Summon Ice Beast
  2147 | D:3      | Noticed Sigmund
  2257 | D:3      | Reached skill level 4 in Ice Magic
  2438 | D:3      | Killed Sigmund
  2438 | D:3      | Reached XP level 5. HP: 6/38 MP: 0/9
  2438 | D:3      | Reached XP level 6. HP: 7/44 MP: 0/10
  2983 | D:3      | Found a shattered altar of Ashenzari.
  3063 | D:3      | Noticed Natasha
  3086 | D:3      | Killed Natasha
  3435 | D:3      | Noticed Natasha
  3441 | D:3      | Killed Natasha
  3595 | D:3      | Noticed Natasha
  3598 | D:3      | Killed Natasha
  3619 | D:3      | Found a shattered altar of Ashenzari.
  3667 | D:4      | Reached XP level 7. HP: 51/51 MP: 8/11
  3764 | D:4      | Found a sacrificial altar of Ru.
  3771 | D:4      | Reached skill level 1 in Polearms
  3846 | D:4      | Noticed Dowan
  3857 | D:4      | Killed Dowan
  3857 | D:4      | Reached skill level 5 in Ice Magic
  3889 | D:4      | Noticed Duvessa
  3898 | D:4      | HP: 2/51 [Duvessa/+0 short sword of flaming (5)]
  3899 | D:4      | Slain by Duvessa

Skill      XL: |  1  2  3  4  5  6  7 |
---------------+----------------------+-----
Fighting       | 1 2 |  2.5
Ice Magic      | 4 5 |  5.0
Dodging        | 3 |  3.3
Summonings     | 2 |  2.7
Spellcasting   | 3 |  3.1
Polearms       | 1 |  1.4
Stealth        | |  2.0
Conjurations   | |  1.0

Action                   |  1- 3 |  4- 6 |  7- 9 || total
-------------------------+-------+-------+-------++-------
Melee: Short sword       |    52 |    64 |       ||   116
       Scythe            |       |    17 |    15 ||    32
 Cast: Freeze            |    41 |    46 |    18 ||   105
       Throw Frost       |     4 |    12 |     3 ||    19
  Use: Scroll            |     1 |     2 |       ||     3
       Potion            |     1 |       |     1 ||     2
 Stab: Sleeping          |     3 |     2 |     1 ||     6
  Eat: Chunk             |     2 |     8 |     1 ||    11
Armor: Robe              |    33 |    40 |     9 ||    82
Dodge: Dodged            |    60 |    80 |    14 ||   154
